 Dungeon Crawl Stone Soup version 0.28.0-53-g5a82cb258f (webtiles) character file.

Game seed: 1742163878426493815

4 Xequecal the Skirmisher (level 1, -2/19 HPs)
             Began as a Draconian Cinder Acolyte on July 19, 2022.
             Was a High Priest of Ignis.
             Succumbed to a goblin's poison
             ... on level 1 of the Dungeon.
             The game lasted 00:06:42 (186 turns).

Xequecal the Skirmisher (Draconian Cinder Acolyte)   Turns: 186, Time: 00:06:42

Health: -2/19      AC:  4    Str: 16    XL:     1   Next: 50%
Magic:  2/2        EV: 11    Int: 14    God:    Ignis [*****.]
Gold:   8          SH:  0    Dex:  6    Spells: 2/2 levels left

rFire   + + .      SeeInvis .   a - -1 falchion (flame)
rCold   x . .      Faith    .   (no shield)
rNeg    . . .      Spirit   .   (armour unavailable)
rPois   .          Reflect  .   (helmet restricted)
rElec   .          Harm     .   (no cloak)
rCorr   .          Rampage  .   (no gloves)
Will    .....                   (no boots)
Stlth   +.........              (no amulet)
HPRegen 0.06/turn               b - ring of fire
MPRegen 0.08/turn               (no ring)

@: lethally poisoned (-2 -> -20)
A: AC +4, unfitting armour, cold-blooded
a: Renounce Religion, Fiery Armour, Foxfire Swarm, Rising Flame


You were on level 1 of the Dungeon.
You worshipped Ignis.
Ignis was extremely pleased with you.
You visited 1 branch of the dungeon, and saw 1 of its levels.

You collected 8 gold pieces.

Inventory:

Hand Weapons
 a - a -1 falchion of flaming (weapon)
Jewellery
 b - a ring of fire (left hand)
Potions
 c - a potion of lignification {unknown}


   Skills:
 * Level 3.4 Fighting
 + Level 3.0 Long Blades
 * Level 1.0 Spellcasting
 + Level 3.1 Fire Magic


You had 2 spell levels left.
You didn't know any spells.
Your spell library contained the following spells:

 Spells                   Type           Power      Damage    Failure   Level
 Scorch                   Fire           28%        2d6       11%         2


Dungeon Overview and Level Annotations

Branches:
Dungeon (1/15)

Altars:


Innate Abilities, Weirdness & Mutations

Your plain brown scales are hard. (AC +4)
You cannot fit into any form of body armour.
You are cold-blooded and may be slowed by cold attacks.


Message History

Found a blue potion.
The kobold shouts!
Found a long sword.
The kobold hits you with a +0 dagger.
You miss the kobold. The kobold hits you with a +0 dagger.
You barely miss the kobold. The kobold closely misses you.
You miss the kobold. The kobold hits you but does no damage.
You closely miss the kobold.
You tail-slap the kobold, but do no damage.
The kobold misses you. The kobold hits you with a +0 dagger.
You barely miss the kobold.
Your tail-slap misses the kobold.
The kobold closely misses you.
You slash the kobold! You burn the kobold.
You kill the kobold!
Things that are here:
a +0 dagger; a stone
c - a blue potion
Found an escape hatch in the floor.
You see here a +0 long sword.
There is an escape hatch in the floor here.
You see here a +0 long sword.
A goblin comes into view. It is wielding a +2 dagger of venom.
The goblin shouts!
The goblin hits you with a +2 dagger of venom.
You are poisoned.
You hit the goblin but do no damage.
Your tail-slap misses the goblin.
You feel very sick. The goblin barely misses you.
You closely miss the goblin.
You feel sick. The goblin barely misses you.
You closely miss the goblin.
Your tail-slap misses the goblin.
You feel sick. The goblin hits you but does no damage.
You are lethally poisoned!
You completely miss the goblin.
Your tail-slap misses the goblin.
You feel very sick. The goblin hits you but does no damage.
You are more poisoned.
The goblin hits you with a +2 dagger of venom.
* * * LOW HITPOINT WARNING * * *
You closely miss the goblin.
You die...

#.# #.#
#.# #.#
#.# #.#
#g#
#@###
#...#
####
###.#
#..'
#.#
#.##
#.#
#.##
#.#
#...
#.###
####
#...# #
###.#.#


You could see a goblin.

Vanquished Creatures
  2 ball pythons (D:1)
  2 kobolds (D:1)
4 creatures vanquished.

Notes
Turn   | Place    | Note
-------+----------+-------------------------------------------
     0 | D:1      | Xequecal the Draconian Cinder Acolyte began the quest for
                  | the Orb.
     0 | D:1      | Reached XP level 1. HP: 19/19 MP: 2/2
   186 | D:1      | Succumbed to a goblin's poison

Illustrated notes

Levels and vault maps discovered:
D:1:      matt_arrival_los_fun, layout_loops_ring,
          shapermc_ecumenical_altar_notcrosses

Action                   || total
-------------------------++-------
Melee: Falchion          ||    19
       Tailslap          ||     1
Armor: Skin              ||     4
Dodge: Dodged            ||     8
